 Dungeon Crawl Stone Soup version 0.28-a0-769-g550dbda0cd (webtiles) character file.

Game seed: 6038158424113042373

77 demibob the Poker (level 4, -3/38 HPs)
             Began as a Draconian Chaos Knight on Oct 31, 2021.
             Was a Plaything of Xom.
             Slain by an adder (6 damage)
             ... on level 2 of the Dungeon.
             The game lasted 00:02:17 (1577 turns).

demibob the Poker (Draconian Chaos Knight)          Turns: 1577, Time: 00:02:19

Health: -3/38      AC:  5    Str: 14    XL:     4   Next: 14%
Magic:  4/4        EV: 12    Int: 12    God:    Xom [..*...]
Gold:   81         SH:  0    Dex: 12    Spells: 3/3 levels left

rFire   . . .      SeeInvis .   a - +0 spear (chaos)
rCold   . . .      Faith    .   (no shield)
rNeg    . . .      Spirit   .   (armour unavailable)
rPois   .          Reflect  .   (helmet restricted)
rElec   .          Harm     .   (no cloak)
rCorr   .          Rampage  .   (no gloves)
Will    +....                   (no boots)
Stlth   +.........              (no amulet)
HPRegen 0.12/turn               W - ring of willpower
MPRegen 0.09/turn               (no ring)

@: no status effects
A: AC +5, unfitting armour, cold-blooded
a: Renounce Religion


You were on level 2 of the Dungeon.
You worshipped Xom.
You were a toy of Xom.
You visited 1 branch of the dungeon, and saw 2 of its levels.

You collected 81 gold pieces.


Innate Abilities, Weirdness & Mutations

Your plain brown scales are hard. (AC +5)
You cannot fit into any form of body armour.
You are cold-blooded and may be slowed by cold attacks.


   Skills:
 - Level 3.2 Fighting
 + Level 5.0 Polearms
 - Level 2.1 Dodging


You had 3 spell levels left.
You didn't know any spells.
Your spell library was empty.

Inventory:

Hand Weapons
 a - a +0 spear of chaos (weapon)
Jewellery
 W - a ring of willpower (left hand)
Scrolls
 b - a scroll of holy word
Potions
 d - a potion of cancellation

Dungeon Overview and Level Annotations

Branches:
Dungeon (2/15)

Altars:

*,* *,**,*,*,******,#* *,*
###.......,,,,,,.#., *,*
#......#.*,*****#.#* *,*
##.....#.,,** #.#
*,****.......,,,* #.#
*,,,,,,.....,,,,* #.#
*,*****,...,*#.########.#
*,* **#S#**#....(.....##
*,* #@# #.......##... *,*
#.# #######...).. *,* #g#
##..###. *,* ##g## #...# #.
**.######...# #...###.
*,..........# #.......
#..######...# #..##.##
#...gg))..##########..##.#.
#.#######.# #.............


You could see 2 gnolls and an adder (berserk).


Message History

b - a scroll of holy word The gnoll hits you from afar with a +0 spear.
* * * LOW HITPOINT WARNING * * *
You kill the gnoll!
Your Polearms skill increases to level 5!
You have reached level 4!
You feel agile.
An adder comes into view.
The adder hisses angrily.
The adder moves out of view.
Okay, then.
You hit the adder.
The adder is moderately wounded.
The adder bites you but does no damage.
You barely miss the adder.
The adder is moderately wounded.
The adder closely misses you.
You hit the adder but do no damage.
The adder is moderately wounded.
The adder closely misses you. The gnoll closely misses you.
You hit the adder.
The adder goes berserk!
The adder is heavily wounded.
The adder barely misses you. The adder misses you.
The gnoll hits you from afar with a +0 spear.
* * * LOW HITPOINT WARNING * * *
You hit the adder. You burn the adder.
The adder is almost dead.
The adder bites you.
You die...
Xom giggles madly!

Skill      XL: |  1  2  3 |
---------------+----------+-----
Polearms       | 4 5 |  5.0
Fighting       | |  3.2
Dodging        | |  2.1

Action                   |  1- 3 |  4- 6 || total
-------------------------+-------+-------++-------
Melee: Spear             |   126 |     5 ||   131
       Tailslap          |     9 |       ||     9
  Use: Scroll            |     5 |       ||     5
       Potion            |     1 |       ||     1
 Stab: Sleeping          |     2 |       ||     2
Armor: Skin              |    23 |     1 ||    24
Dodge: Dodged            |    60 |     5 ||    65

Levels and vault maps discovered:
D:1:      saegor_arrival_simple_e, layout_rooms,
          hellmonk_ecumenical_altar_arch_garden, minmay_misc_feat_iff,
          minmay_misc_feat_x
D:2:      layout_loops_ring, serial_shops, shop

Notes
Turn   | Place    | Note
-------+----------+-------------------------------------------
     0 | D:1      | demibob the Draconian Chaos Knight began the quest for the
                  | Orb.
     0 | D:1      | Reached XP level 1. HP: 19/19 MP: 1/1
    72 | D:1      | XOM: divination: magic mapping
   359 | D:1      | Reached XP level 2. HP: 25/26 MP: 2/2
   478 | D:1      | Found a faded altar of an unknown god.
   573 | D:1      | Reached skill level 4 in Polearms
   951 | D:2      | Reached XP level 3. HP: 28/31 MP: 3/3
  1050 | D:2      | XOM: cloud trail
  1562 | D:2      | HP: 3/31 [gnoll (3)]
  1568 | D:2      | Reached skill level 5 in Polearms
  1568 | D:2      | Reached XP level 4. HP: 3/38 MP: 4/4
  1576 | D:2      | HP: 3/38 [gnoll (1)]
  1577 | D:2      | Slain by an adder

Vanquished Creatures
  3 gnolls
  An adder (D:2)
  A worm (D:2)
  A dart slug (D:2)
  4 bats
  An endoplasm (D:2)
  2 giant cockroaches (D:1)
  7 goblins
  4 hobgoblins
  2 jackals (D:2)
  3 ball pythons (D:1)
  4 rats
33 creatures vanquished.

Table legend: (Time is in decaauts)
 A = Elapsed time spent in this place.
 B = Non-inter-level travel time spent in this place.
 C = Inter-level travel time spent in this place.
 D = Time resting spent in this place.
 E = Time spent auto-exploring this place.
 F = Levels seen in this place.
 G = Mean time per level.
                   A        B        C        D        E       F      G
               +--------+--------+--------+--------+--------+-----+--------+
         Total |   1562 |   1542 |     20 |    418 |    893 |   2 |  781.0 |
       Dungeon |   1562 |   1542 |     20 |    418 |    893 |   2 |  781.0 |
               +--------+--------+--------+--------+--------+-----+--------+

Top non-repeatable levels by time:
     D:1: 913 daAuts
     D:2: 649 daAuts

Table legend:
 A = Non-vault XP
 B = Vault XP
 C = Vault XP percentage of total XP
 D = Non-vault monster count
 E = Vault monster count
 F = Vault count percentage of total count
                 A         B        C        D         E       F
            +---------+---------+-------+---------+---------+-------
      Total |     111 |       0 |   0.0 |      33 |       0 |   0.0
            +---------+---------+-------+---------+---------+-------
        D:1 |      35 |       0 |   0.0 |      15 |       0 |   0.0
        D:2 |      76 |       0 |   0.0 |      18 |       0 |   0.0
            +---------+---------+-------+---------+---------+-------
